 Dungeon Crawl Stone Soup version 0.31-a0-16-g6d2539766c (webtiles) character file.

Game seed: 3120763462499103979

5054 Dordric the Fighter (level 10, -2/70 HPs)
             Began as a Djinni Monk on May 9, 2023.
             Was an Elder of Hepliaklqana.
             Slain by Gastronok (7 damage)
             ... on level 9 of the Dungeon.
             The game lasted 00:13:18 (10432 turns).

Dordric the Fighter (Djinni Monk)                  Turns: 10432, Time: 00:13:19

Health: -2/70      AC: 12    Str: 10    XL:     10   Next: 86%
Gold:   582        EV: 11    Int: 12    God:    Hepliaklqana [****..] SH:  0 Dex: 20

rFire   + + .        a - +1 falchion (heavy)
rCold   x . .        (no shield)
rNeg    . . .        E - +5 ring mail "Femimar" {rPois Slay+3}
rPois   ∞            F - +0 hat
rElec   .            C - +0 cloak
rCorr   .            y - +0 pair of gloves
SInv    +            (boots unavailable)
Will    +....        (no amulet)
Stlth   +            r - ring of see invisible
HPRegen 0.31/turn    v - ring of wizardry
MPRegen 0.00/turn

%: wizardry (x1), infuse magic (-3 HP)
@: flying
A: reduced essence, sickness immunity, fire resistance 2, cold vulnerability 1,
float, innate caster, HP casting, extra vitality 1
a: Renounce Religion, Recall Ancestor, Ancestor Identity, Transference, Idealise


You were on level 9 of the Dungeon.
You worshipped Hepliaklqana.
Hepliaklqana was greatly pleased with you.
You visited 2 branches of the dungeon, and saw 10 of its levels.

You collected 626 gold pieces.
You spent 44 gold pieces at shops.

Inventory:

Hand Weapons
 a - a +1 heavy falchion (weapon)
 n - a +4 short sword of speed
 D - a +0 shortbow
Armour
 d - an orb of light
 w - a +0 leather armour
 y - a +0 pair of gloves (worn)
 C - a +0 cloak (worn)
 E - the +5 ring mail "Femimar" (worn) {rPois Slay+3}
   (You found it on level 8 of the Dungeon)

   Slay:      It affects your accuracy & damage with ranged weapons and melee
   (+3).
   rPois:     It protects you from poison.
 F - a +0 hat (worn)
Jewellery
 r - a ring of see invisible (left hand)
 v - a ring of wizardry (right hand)
Wands
 k - a wand of flame (23)
 u - a wand of polymorph (8)
 z - a wand of paralysis (8)
 B - a wand of mindburst (4)
Scrolls
 b - a scroll of torment
 e - 3 scrolls of poison
 g - 2 scrolls of noise
 j - 4 scrolls of teleportation
 q - 2 scrolls of vulnerability
 A - a scroll of summoning
Potions
 c - 3 potions of ambrosia
 f - 3 potions of curing {unknown}
 h - 2 potions of mutation {unknown}
 i - 5 potions of might
 l - 3 potions of degeneration {unknown}
 m - 3 potions of haste {unknown}
 o - 2 potions of heal wounds {unknown}
 p - a potion of resistance {unknown}
 s - 2 potions of berserk rage {unknown}
 t - a potion of cancellation {unknown}
 x - a potion of experience {unknown}
 G - 2 potions of attraction {unknown}


   Skills:
 + Level 9.4 Fighting
 + Level 8.6 Long Blades
 - Level 3.2 Dodging
 + Level 6.7 Spellcasting


You knew the following spells:

 Your Spells              Type           Power      Damage    Failure   Level
a - Slow                  Hex            80%        N/A       1%          1
b - Momentum Strike       Conj/Tloc      40%        3d9       1%          2
c - Searing Ray           Conj           40%        2d5       1%          2
d - Portal Projectile     Hex/Tloc       40%        N/A       3%          3
Your spell library was empty.

Dungeon Overview and Level Annotations

Branches:
Dungeon (9/15)             Temple (1/1) D:4            Lair (0/5) D:8
    Orc: D:9-12

Altars:
Ashenzari
Cheibriados
Dithmenos
Elyvilon
Fedhas
Gozag
Hepliaklqana
Makhleb
Nemelex Xobeh
Okawaru
Qazlal
Ru
Trog
Uskayaw
Wu Jian
Xom
Yredelemnul
Zin
The Shining One

Shops:
D:5 *   D:6 [   D:8 [

Annotations:
D:9 Gastronok


Innate Abilities, Weirdness & Mutations

Your life essence is reduced to manifest your ancestor. (-10% HP)
You are immune to sickness and miasma.
You are immune to poison.
Your flesh is very heat resistant. (rF++)
You are vulnerable to cold. (rC-)
You float through the air rather than walking.
You learn spells naturally, not from books.
Your magical power is your life essence.
You have superior vitality. (+4 MHP)


Message History

Gastronok casts a spell.
Gastronok puts on a burst of speed!
You slice Gastronok!!
Gastronok is heavily wounded.
You slash Gastronok!
Gastronok is heavily wounded.
Gastronok bubbles merrily.
You slice Gastronok!!
Gastronok is severely wounded.
Gastronok bites you!!
You are too injured to fight recklessly!
You are too injured to fight recklessly!
You are too injured to fight recklessly!
You are too injured to fight recklessly!
You are too injured to fight recklessly!
You are too injured to fight recklessly!
You are too injured to fight recklessly!
You are too injured to fight recklessly!
You are too injured to fight recklessly!
You are too injured to fight recklessly!
You are too injured to fight recklessly!
You are too injured to fight recklessly!
You are too injured to fight recklessly!
You are too injured to fight recklessly!
You are too injured to fight recklessly!
You are too injured to fight recklessly!
You are too injured to fight recklessly!
You are too injured to fight recklessly!
You completely miss Gastronok. You punch Gastronok.
Gastronok is severely wounded.
You hit Gastronok.
Gastronok is severely wounded.
Gastronok bites you!!
* * * LOW HITPOINT WARNING * * *
You slash Gastronok!
Gastronok is severely wounded.
You slash Gastronok!
Gastronok is almost dead.
Gastronok bites you!
You die...

# # # ##+#### ### #
.....^.######'####### #
.......@.#..........####
......w#R'..........##..
.......###..........##..
....... #.(........##..
....... #..........#...
...=... #..............
....... #...........#..
....... #.....(.....#..
#..........####


You could see the friendly Dort the hexer and Gastronok (swift, ally target).

Vanquished Creatures
  A two-headed ogre (D:9)
  Maurice (D:8)
  A rime drake (D:8)
  A polar bear (D:8)
  Grum (D:8)
  A water moccasin (D:7)
  An orc warrior (D:9)
  3 ice beasts (D:8)
  2 sky beasts
  3 black bears
  3 wolves (D:8)
  2 centaurs
  A phantom (D:5)
  A kobold brigand (D:9)
  2 bullfrogs
  2 scorpions
  2 gnoll sergeants (D:9)
  3 killer bees
  2 howler monkeys
  4 jellies
  7 orc priests
  5 hounds
  3 iguanas
  6 orc wizards
  14 gnolls
  2 adders
  2 shadow imps
  A white imp (D:6)
  2 ufetubi
  A worm (D:2)
  3 dart slugs
  30 orcs
  4 ball pythons
  9 endoplasms
  2 giant cockroaches (D:3)
  3 goblins
  2 hobgoblins (D:3)
  2 jackals (D:2)
  2 quokkas
  3 bats
  3 frilled lizards
  6 kobolds
  3 rats
152 creatures vanquished.

Vanquished Creatures (collateral kills)
  A wraith (D:9)
  A wolf (D:8)
  A gnoll sergeant (D:7)
  A killer bee (D:8)
  A howler monkey (D:9)
  An iguana (D:6)
  5 gnolls (D:7)
  3 orcs
14 creatures vanquished.

Vanquished Creatures (others)
  A hexer (D:9)
1 creature vanquished.

Grand Total: 167 creatures vanquished

Notes
Turn   | Place    | Note
-------+----------+-------------------------------------------
     0 | D:1      | Dordric the Djinni Monk began the quest for the Orb.
     0 | D:1      | Reached XP level 1. HP: 20/20 MP: 0/0
   244 | D:1      | Found a faded altar of an unknown god.
   636 | D:1      | Reached XP level 2. HP: 25/25 MP: 0/0
  1265 | D:2      | Reached XP level 3. HP: 3/30 MP: 0/0
  1265 | D:2      | Learned a level 1 spell: Slow
  1501 | D:2      | Reached skill level 1 in Spellcasting
  1849 | D:1      | Reached XP level 4. HP: 5/37 MP: 0/0
  2107 | D:2      | Reached XP level 5. HP: 41/41 MP: 0/0
  2107 | D:2      | Learned a level 2 spell: Momentum Strike
  2499 | D:3      | Reached skill level 4 in Fighting
  2730 | D:3      | Found a glowing golden altar of the Shining One.
  2730 | D:3      | Found a white marble altar of Elyvilon.
  2967 | D:4      | Noticed a black bear
  2979 | D:4      | Killed a black bear
  2980 | D:4      | Reached XP level 6. HP: 26/48 MP: 0/0
  3147 | D:4      | Noticed an ogre
  3435 | D:4      | Found a staircase to the Ecumenical Temple.
  3574 | Temple   | Entered the Ecumenical Temple
  3936 | Temple   | Became a worshipper of Hepliaklqana the Forgotten
  3936 | Temple   | Reached * piety under Hepliaklqana
  3936 | Temple   | Reached ** piety under Hepliaklqana
  3937 | Temple   | Remembered your ancestor Dort as a hexer
  4557 | D:4      | Found a stormy altar of Qazlal.
  4587 | D:4      | Reached XP level 7. HP: 42/47 MP: 0/0
  4587 | D:4      | Learned a level 2 spell: Searing Ray
  4736 | D:5      | Entered Level 5 of the Dungeon
  4760 | D:5      | Reached skill level 5 in Fighting
  5059 | D:5      | Reached skill level 5 in Long Blades
  5102 | D:5      | Reached XP level 8. HP: 41/54 MP: 0/0
  5418 | D:5      | Found Keuv's General Store.
  5953 | D:6      | Reached skill level 6 in Fighting
  6389 | D:6      | Reached *** piety under Hepliaklqana
  6701 | D:6      | Found Vufyc's Armour Boutique.
  6973 | D:7      | Found an iron altar of Okawaru.
  7061 | D:7      | Reached XP level 9. HP: 60/60 MP: 0/0
  7061 | D:7      | Learned a level 3 spell: Portal Projectile
  7283 | D:7      | Reached skill level 7 in Fighting
  7817 | D:8      | Noticed Maurice
  7846 | D:8      | Killed Maurice
  7847 | D:8      | Reached skill level 5 in Spellcasting
  8033 | D:8      | Reached skill level 8 in Fighting
  8051 | D:8      | Noticed a polar bear
  9364 | D:8      | Killed a polar bear
  9365 | D:8      | Reached XP level 10. HP: 65/68 MP: 0/0
  9397 | D:8      | Noticed a rime drake
  9399 | D:8      | Identified the +5 ring mail "Femimar" {rPois Slay+3}
  9403 | D:8      | Killed a rime drake
  9517 | D:8      | Found Itoabb's Armour Emporium.
  9525 | D:8      | Bought a +0 hat for 44 gold pieces
  9539 | D:8      | Reached **** piety under Hepliaklqana
  9591 | D:8      | Noticed Grum
  9607 | D:8      | Killed Grum
  9613 | D:8      | Found a staircase to the Lair.
  9839 | D:9      | Reached skill level 9 in Fighting
  9999 | D:9      | Noticed a two-headed ogre
 10012 | D:9      | Killed a two-headed ogre
 10420 | D:9      | Noticed Gastronok
 10432 | D:9      | Slain by Gastronok

Illustrated notes

Levels and vault maps discovered:
D:1:      dpeg_arrival_castle, layout_loops_ring, serial_co_window_serial,
          co_window_paths_a, co_window_corner_a, co_window_corner_a,
          co_window_paths_b, co_window_corner_a, co_window_corner_a,
          co_window_paths_a, co_window_of_opportunity_a, co_window_corner_a,
          co_window_of_opportunity_b, co_window_broadway_b,
          co_window_broadway_b, co_window_paths_c, co_window_corner_cb,
          co_window_paths_e, glass_columns_c, glass_columns_c,
          nicolae_ecumenical_lake_church
D:2:      cheibrodos_pilgrimage, layout_basic, minmay_stone_trees_medium
D:3:      layout_loops_cross, gammafunk_temple_overflow_elements,
          nicolae_eternal_life
D:4:      layout_basic, general_overflow_altar,
          minmay_temple_entry_statues_pillars, serial_corexii_hall,
          chequers_hall_statues_wall_a, chequers_hall_statues_wall_a,
          corexii_hall_statues_s
D:5:      layout_loops_ring, serial_shops, shop
D:6:      layout_basic, serial_shops, kennysheep_mini
D:7:      nicolae_cairo_tiling_very_big, layout_basic,
          mainiacjoe_overflow_concentric_impassable
D:8:      layout_rooms, hellmonk_lair_entry_icy, nicolae_inconvenience_store,
          uniq_maurice, uniq_grum
D:9:      layout_roguey, enter_bailey_8, uniq_pikel, uniq_gastronok
Temple:   dpeg_five_rooms_temple

Skill      XL: |  1  2  3  4  5  6  7  8  9 10 |
---------------+-------------------------------+-----
Long Blades    | 3 4 5 6 7 8 |  8.6
Spellcasting   | 1 2 3 4 5 6 |  6.7
Fighting       | 4 5 6 8 9 |  9.4
Dodging        | |  3.2

Action                     |  1- 3 |  4- 6 |  7- 9 | 10-12 || total
---------------------------+-------+-------+-------+-------++-------
  Melee: Falchion          |   102 |     6 |       |    11 ||   119
         Short sword       |       |    59 |   241 |   135 ||   435
         Punch             |       |       |     1 |     5 ||     6
   Cast: Slow              |     4 |     2 |       |     7 ||    13
         Momentum Strike   |       |     5 |       |     1 ||     6
         Searing Ray       |       |       |     5 |     3 ||     8
         Portal Projectile |       |       |     8 |       ||     8
 Invoke: Ancestor Life: He |       |     1 |       |       ||     1
         Ancestor Identity |       |     1 |       |       ||     1
         Recall Ancestor   |       |       |     1 |     1 ||     2
    Use: Scroll            |       |       |     8 |     2 ||    10
         Potion            |       |       |     1 |       ||     1
   Stab: Confused          |       |       |    12 |     2 ||    14
         Distracted        |       |       |       |     1 ||     1
 Armour: Ring mail         |    32 |    22 |     7 |    38 ||    99
         Leather armour    |       |       |    32 |       ||    32
  Dodge: Dodged            |    51 |    33 |   139 |    58 ||   281

Table legend: (Time is in decaauts)
 A = Elapsed time spent in this place.
 B = Non-inter-level travel time spent in this place.
 C = Inter-level travel time spent in this place.
 D = Time resting spent in this place.
 E = Time spent auto-exploring this place.
 F = Levels seen in this place.
 G = Mean time per level.
                   A        B        C        D        E       F      G
               +--------+--------+--------+--------+--------+-----+--------+
         Total |  10257 |   9686 |    571 |   1173 |   7365 |  10 | 1025.7 |
       Dungeon |   9865 |   9403 |    462 |   1173 |   7118 |   9 | 1096.1 |
        Temple |    392 |    283 |    109 |      0 |    247 |   1 |  392.0 |
               +--------+--------+--------+--------+--------+-----+--------+

Top non-repeatable levels by time:
     D:7: 2243 daAuts
     D:1: 1462 daAuts
     D:5: 1079 daAuts
     D:3: 1030 daAuts
     D:4: 1005 daAuts
     D:2: 898 daAuts
     D:6: 827 daAuts
     D:9: 681 daAuts
     D:8: 636 daAuts
  Temple: 392 daAuts
